Cogmind - Beta 10.2 @@@ ROGUE MODE // 2020.11.09 @ 22:56:07 // Winter2019/RPGLIKE Player: FontPeg Result: Destroyed by Y-72 Warden with Railgun Performance ------------- Evolutions (9) 4500 Regions Visited (21) 4200 Robots Destroyed (173) 865 Value Destroyed (8106) 8106 Prototype IDs (38) 760 Alien Tech Used (0) 0 Bonus (3688) 3688 TOTAL SCORE: 22119 Bonus ------- High Alert Combat Kills 2314 Follower Combat Kills 823 Network Hubs Disabled 400 Met Data Miner 300 Friendly Fire -149 Cogmind --------- Core Integrity 0/2650 Matter 300/300 Energy 490/490 System Corruption 13% Temperature Cool (9) Movement Flying (31) Location -1/Access Parts ------- > --- POWER (2) -------- Quantum Reactor Light Quantum Reactor > --- PROPULSION (7) --- Field Propulsion Array Field Propulsion Array Q-thruster Impulse Thruster Array > --- UTILITY (7) ------ Experimental Sensor Array Advanced Signal Interpreter Advanced Targeting Computer Advanced Target Analyzer Advanced Core Analyzer Experimental Transmission Jammer > --- WEAPON (5) ------- Enhanced Quantum Rifle Ripper Ripper Ripper Phasing Sabre > --- INVENTORY (4) ---- Light Antimatter Reactor Peak State ------------ > --- POWER ------------ Particle Reactor Light Quantum Reactor > --- PROPULSION ------- Cooled Field Propulsion Drive Field Propulsion Array Field Propulsion Array Field Propulsion Array > --- UTILITY ---------- Experimental Sensor Array Advanced Signal Interpreter Advanced Targeting Computer Advanced Target Analyzer Advanced Core Analyzer Experimental Transmission Jammer Experimental Phase Shifter > --- WEAPON ----------- Enhanced Quantum Rifle Ripper Ripper Ripper Phasing Sabre > --- INVENTORY -------- Field Propulsion Array Q-thruster Improved ECM Suite [Rating: 142] Favorites ----------- Power Micro Fission Core Engine Light Angular Momentum Engine Power Core Micro Fission Core Reactor Antimatter Reactor Propulsion Nuclear Pulse Array Wheel Wheel Hover Unit Combat Antigrav System Flight Unit Nuclear Pulse Array Utility Experimental Sensor Array Device Experimental Sensor Array Processor Advanced Targeting Computer Hackware Experimental System Shield Protection Improved Weapon Shielding Weapon Ripper Energy Gun Cooled Pulse Rifle Energy Cannon Advanced Beam Cannon Ballistic Gun Light Assault Rifle Launcher Heavy Rocket Launcher Impact Weapon Impact Mace Slashing Weapon Ripper Build | -11 -10 -10 -9 -8 -7 -7 -7 -7 -6 -6 -5 -5 -5 -5 -5 -4 -4 -4 -3 -2 -1 ------- Run | Scr Mat Min Mat Mat Fac Low Low Dat Pro Fac Fac Ext Cet Arc Hub Fac Upp Upp Res Res Acc Slots Evolved 17 | 3 . . 1 3 1 1 . . 1 1 1 1 1 . 1 . 1 . . 1 . Power 1 | . . . . . . . . . . 1 . . . . . . . . . . . Propulsion 6 | 1 . . 1 1 . . . . 1 . . . . . . . 1 . . 1 . Utility 6 | 1 . . . 1 . 1 . . . . 1 . 1 . 1 . . . . . . Weapon 4 | 1 . . . 1 1 . . . . . . 1 . . . . . . . . . Parts Attached 133 | 5 1 3 14 7 12 4 4 . . 4 2 11 2 . 7 9 2 2 18 9 17 Power 20 | 1 . 1 2 1 . . . . . 1 . 2 . . 1 3 . . 1 2 5 Engine 4 | 1 . . 1 1 . . . . . 1 . . . . . . . . . . . Core 5 | . . 1 1 . . . . . . . . 2 . . 1 . . . . . . Reactor 11 | . . . . . . . . . . . . . . . . 3 . . 1 2 5 Propulsion 36 | 2 . 1 5 2 2 1 1 . . 2 1 2 . . . 5 . . 2 5 5 Treads . | . . . . . . . . . . . . . . . . . . . . . . Leg . | . . . . . . . . . . . . . . . . . . . . . . Wheel 3 | 2 . 1 . . . . . . . . . . . . . . . . . . . Hover 1 | . . . . . . . . . . . . . . . . . . . 1 . . Flight 32 | . . . 5 2 2 1 1 . . 2 1 2 . . . 5 . . 1 5 5 Utility 44 | . 1 1 3 2 2 1 2 . . 1 1 . 2 . 5 1 2 2 11 2 5 Device 30 | . 1 1 2 1 1 1 2 . . 1 1 . 1 . 5 . 2 1 7 1 2 Storage . | . . . . . . . . . . . . . . . . . . . . . . Processor 11 | . . . 1 1 1 . . . . . . . . . . 1 . . 3 1 3 Hackware 1 | . . . . . . . . . . . . . . . . . . . 1 . . Protection 2 | . . . . . . . . . . . . . 1 . . . . 1 . . . Artifact . | . . . . . . . . . . . . . . . . . . . . . . Weapon 33 | 2 . . 4 2 8 2 1 . . . . 7 . . 1 . . . 4 . 2 Energy Gun 11 | 1 . . 1 2 5 . . . . . . . . . . . . . . . 2 Energy Cannon 1 | . . . 1 . . . . . . . . . . . . . . . . . . Ballistic Gun 3 | 1 . . 1 . 1 . . . . . . . . . . . . . . . . Ballistic Cannon . | . . . . . . . . . . . . . . . . . . . . . . Launcher 3 | . . . 1 . 2 . . . . . . . . . . . . . . . . Special Weapon . | . . . . . . . . . . . . . . . . . . . . . . Impact Weapon 4 | . . . . . . 1 . . . . . . . . 1 . . . 2 . . Slashing Weapon 11 | . . . . . . 1 1 . . . . 7 . . . . . . 2 . . Piercing Weapon . | . . . . . . . . . . . . . . . . . . . . . . Special Melee Weapon . | . . . . . . . . . . . . . . . . . . . . . . Unidentified Prototypes 21 | . . 1 3 1 3 . . . . 1 . . 1 . 4 2 . . 4 1 . Parts Lost 7 | . . . . . 1 . . . . . . 1 . . 1 . 2 . 1 . 1 Power . | . . . . . . . . . . . . . . . . . . . . . . Propulsion 1 | . . . . . . . . . . . . . . . . . . . . . 1 Utility 3 | . . . . . . . . . . . . . . . 1 . 2 . . . . Weapon 3 | . . . . . 1 . . . . . . 1 . . . . . . 1 . . Highest Loss Streak 1 | . . . . . 1 . . . . . . 1 . . 1 . 1 . 1 . 1 Average Slot Usage (%) 88 | . 73 90 91 90 98 98 100 100 98 93 95 90 88 88 88 89 84 81 83 80 84 Engine 3 | . 14 3 . 2 8 7 7 7 7 6 12 6 5 5 5 3 . . . . . Core 3 | . . 11 12 6 . . . . . . . 4 5 5 5 5 5 5 5 2 . Reactor 2 | . . . . . . . . . . . . . . . . 1 5 5 4 6 9 Wheel 2 | . 28 28 18 . . . . . . . . . . . . . . . . . . Flight 18 | . . . 9 36 33 30 30 30 29 32 27 22 16 16 15 15 15 15 15 17 18 Device 17 | . 2 19 24 9 8 12 15 15 14 13 16 17 17 16 19 26 24 20 15 9 14 Processor 12 | . . . . 9 15 15 15 15 14 13 12 11 11 11 10 10 10 10 14 19 19 Protection 1 | . . . . . . . . . . . . . 4 5 4 . . 1 4 . . Energy Gun 2 | . 14 14 10 17 11 7 6 . . . . . . . . . . . . . 3 Ballistic Gun 1 | . 14 14 10 . 2 2 . . . . . . . . . . . . . . . Launcher 1 | . . . 1 . 7 7 7 7 7 6 6 3 . . . . . . . . . Impact Weapon 3 | . . . . . . 4 7 7 7 6 6 5 5 5 5 5 5 5 3 . . Slashing Weapon 15 | . . . . . . 5 8 15 14 13 12 15 22 22 21 21 20 20 20 19 19 Naked Turns . | . . . . . . . . . . . . . . . . . . . . . . Heaviest Build 59 | 7 8 9 13 18 25 25 28 28 28 37 39 43 46 46 48 52 50 50 50 50 59 Greatest Support 92 | 20 20 20 25 29 29 27 28 28 28 37 43 54 54 54 54 55 53 53 68 92 92 Greatest Overweight (x) 4 | . . . . . . . 1 . . . 1 4 . . . 1 . . . . . Average Overweight (x) . | . . . . . . . . . . . . . . . . . . . . . . Largest Inventory Capacity 4 | 2 2 2 2 2 3 3 3 3 3 3 3 3 3 3 3 3 3 3 4 4 4 Average Capacity 3 | 2 2 2 2 2 2 3 3 3 3 3 3 3 3 3 3 3 3 3 3 4 4 Most Carried 4 | 2 2 2 2 2 3 3 3 3 3 3 3 3 3 3 3 3 3 3 4 4 4 Average Carried 2 | 1 1 2 1 1 2 2 3 3 3 2 2 2 2 3 2 1 2 2 1 2 2 Final Capacity 4 | 2 2 2 2 2 3 3 3 3 3 3 3 3 3 3 3 3 3 3 4 4 4 Final Carried 3 | 2 2 2 2 2 3 3 3 3 3 3 3 3 3 3 1 3 2 2 3 3 1 Class Distribution -------------------- 32% | Hacker-Sprinter 18% | Sprinter 12% | Hacker-Mutant 9% | Mutant 9% | Derelict-Mutant 6% | Scavenger-Sprinter 6% | Derelict-Sprinter 3% | Commander-Mutant Dominant Class ---------------- Mutant | -10/Materials Mutant | -10/Mines Mutant | -9/Materials Sprinter | -8/Materials Sprinter | -7/Factory Sprinter | -7/Lower Caves Sprinter | -7/Lower Caves Derelict-Sprinter | -7/Data Miner Derelict-Sprinter | -6/Proximity Caves Sprinter | -6/Factory Sprinter | -5/Factory Commander-Mutant | -5/Extension Derelict-Mutant | -5/Cetus Derelict-Mutant | -5/Archives Derelict-Mutant | -5/Hub_04(d) Scavenger-Sprinter | -4/Factory Hacker-Sprinter | -4/Upper Caves Hacker-Sprinter | -4/Upper Caves Hacker-Mutant | -3/Research Hacker-Sprinter | -2/Research Hacker-Sprinter | -1/Access Resources | -11 -10 -10 -9 -8 -7 -7 -7 -7 -6 -6 -5 -5 -5 -5 -5 -4 -4 -4 -3 -2 -1 ----------- Run | Scr Mat Min Mat Mat Fac Low Low Dat Pro Fac Fac Ext Cet Arc Hub Fac Upp Upp Res Res Acc Matter Collected 2070 | 250 7 40 281 60 217 152 10 . 72 40 . 161 40 . 76 90 20 20 199 90 245 Remotely . | . . . . . . . . . . . . . . . . . . . . . . Salvage Created 8729 | . 131 . 544 92 552 195 . . 169 902 . 924 243 113 912 830 439 208 847 532 1096 Parts 432 | . 8 1 39 10 27 4 . . 4 19 . 53 8 2 56 36 15 5 41 17 87 Haulers Intercepted 6 | . . . 2 . 1 . . . . 1 . . . . . 1 . . 1 . . Recyclers Shooed 2 | . . . 1 . . . . . . . . . . . . . . . . . 1 Parts Field Recycled . | . . . . . . . . . . . . . . . . . . . . . . Retrieved Matter . | . . . . . . . . . . . . . . . . . . . . . . Parts Self-Destructed 38 | . . . . . . 6 . . 7 . . . . . . . 21 4 . . . Prevented . | . . . . . . . . . . . . . . . . . . . . . . Kills | -11 -10 -10 -9 -8 -7 -7 -7 -7 -6 -6 -5 -5 -5 -5 -5 -4 -4 -4 -3 -2 -1 ------- Run | Scr Mat Min Mat Mat Fac Low Low Dat Pro Fac Fac Ext Cet Arc Hub Fac Upp Upp Res Res Acc Combat Hostiles Destroyed 130 | . 3 1 9 4 10 3 . . 3 5 . 18 6 1 10 16 7 2 9 4 19 Melee 93 | . . . . . . . . . . 5 . 15 6 1 10 16 6 2 9 4 19 Guns 13 | . 3 1 4 3 1 1 . . . . . . . . . . . . . . . Cannons 4 | . . . 2 1 1 . . . . . . . . . . . . . . . . AOE 17 | . . . 3 . 7 2 . . 3 . . 2 . . . . . . . . . Classes Destroyed 13 | . 1 . 6 1 3 . . . . 1 . 1 . . . . . . . . . Worker 7 | . . . . . 1 . . . . 2 . . . . 1 . . . 3 . . Builder 4 | . . . 1 . . . . . . . . 1 . . 1 . . . . 1 . Hauler 6 | . . . 2 . 1 . . . . 1 . . . . . 1 . . 1 . . Recycler 15 | . . . 1 . 5 . . . . 3 . 2 . . . . . . 1 1 2 Operator 2 | . . . . . . . . . . . . 1 . . 1 . . . . . . Watcher 9 | . . . 1 1 . . . . . . . . . . 4 2 . . . . 1 Swarmer 30 | . . . . 4 4 . . . . . . . 3 . 2 9 . . . . 8 Grunt 33 | . 3 1 5 . 3 2 . . 3 3 . 6 . . . 2 2 . 3 . . Brawler 2 | . . . 1 . . . . . . . . . . . . . 1 . . . . Duelist 2 | . . . . . 1 1 . . . . . . . . . . . . . . . Sentry 19 | . . . 3 . . . . . . 1 . 5 . 1 3 1 2 . 2 1 . Hunter 16 | . . . . . 2 . . . . . . 3 2 . . 2 . 2 2 3 . Programmer 21 | . . . . . . . . . . 1 . 2 . . 2 2 1 . 2 . 11 Cetus Guard 1 | . . . . . . . . . . . . . 1 . . . . . . . . Lightning 3 | . . . . . . . . . . . . . . . 3 . . . . . . Savage 1 | . . . . . . . . . . . . 1 . . . . . . . . . Butcher 2 | . . . . . . . . . . . . 1 . . . . 1 . . . . Best Kill Streak 7 | . 2 1 5 5 6 3 . . 3 5 . 6 3 1 4 5 1 2 7 3 7 Combat Bots Only 5 | . 2 1 4 4 3 3 . . 3 3 . 3 3 1 2 5 1 2 3 3 5 Max Kills in Single Turn 4 | . 1 1 3 2 3 1 . . 2 1 . 1 1 1 4 2 1 1 1 1 1 Gunslinging . | . . . . . . . . . . . . . . . . . . . . . . Exploded 3 | . . . 2 . 3 1 . . 2 . . 1 . . . . . . . . . Melee 2 | . . . . . . . . . . 1 . 1 1 1 1 2 1 1 1 1 1 Uniques/NPCs Destroyed . | . . . . . . . . . . . . . . . . . . . . . . Combat | -11 -10 -10 -9 -8 -7 -7 -7 -7 -6 -6 -5 -5 -5 -5 -5 -4 -4 -4 -3 -2 -1 -------- Run | Scr Mat Min Mat Mat Fac Low Low Dat Pro Fac Fac Ext Cet Arc Hub Fac Upp Upp Res Res Acc Damage Taken 11092 | . 151 130 589 40 421 105 . . 113 294 . 1482 410 306 1993 750 573 414 870 535 1916 Core 8495 | . 117 105 475 32 339 82 . . 88 242 . 1230 243 214 1286 602 453 333 661 444 1549 Absorbed by Shields . | . . . . . . . . . . . . . . . . . . . . . . Redirected to Core 6700 | . 107 82 386 25 299 82 . . 70 158 . 902 243 165 965 501 343 242 503 314 1313 Core Remaining (%) 55 | 100 . 73 66 67 . . . . 65 63 . . . . 51 . . 35 19 18 . Volleys Fired 113 | . 10 7 51 7 22 7 . . 3 . . 4 . . . . . . . . 2 Largest 4 | . 2 2 2 3 4 4 . . 1 . . 1 . . . . . . . . 1 Hottest 188 | . 60 60 88 108 188 155 . . 39 . . 39 . . . . . . . . 94 Shots Fired 247 | . 20 14 101 21 56 26 . . 3 . . 4 . . . . . . . . 2 Gun 174 | . 20 14 78 14 32 14 . . . . . . . . . . . . . . 2 Cannon 45 | . . . 14 7 17 7 . . . . . . . . . . . . . . . Launcher 28 | . . . 9 . 7 5 . . 3 . . 4 . . . . . . . . . Special . | . . . . . . . . . . . . . . . . . . . . . . Kinetic 67 | . 10 7 41 . 2 7 . . . . . . . . . . . . . . . Thermal 152 | . 10 7 51 21 47 14 . . . . . . . . . . . . . . 2 Explosive 28 | . . . 9 . 7 5 . . 3 . . 4 . . . . . . . . . Electromagnetic . | . . . . . . . . . . . . . . . . . . . . . . Robot Hit Streak 34 | . 6 13 14 7 32 34 . . 4 . . 2 . . . . . . . . . Robot Miss Streak 5 | . 1 1 5 1 1 3 . . . . . 1 . . . . . . . . . Penetration Max 1 | . . . . . 1 . . . . . . . . . . . . . . . . Secondary Targets . | . . . . . . . . . . . . . . . . . . . . . . Shots Hit Robots 658 | . 15 12 59 10 43 14 . . 7 38 . 66 27 5 68 63 61 13 48 21 88 Core Hits 305 | . 6 4 37 6 26 7 . . 8 12 . 36 7 1 38 25 12 4 24 12 40 Critical Hits 29 | . . . 2 . . . . . 1 . . 3 1 . 1 . . . 4 5 12 Critical Kills 10 | . . . 1 . . . . . . . . 1 1 . . . . . 2 3 2 Critical Parts Destroyed 16 | . . . 1 . . . . . 1 . . 2 . . 1 . . . 2 1 8 Melee Attacks 724 | . . . . . . 3 . . 7 42 10 75 50 11 90 98 65 14 80 46 133 Impact 102 | . . . . . . 3 . . 1 15 1 14 9 1 14 14 23 2 5 . . Slashing 622 | . . . . . . . . . 6 27 9 61 41 10 76 84 42 12 75 46 133 Piercing . | . . . . . . . . . . . . . . . . . . . . . . Sneak Attacks 53 | . . . . . . . . . . 11 . 12 . 3 5 4 . 1 7 4 6 Combat Hostiles 13 | . . . . . . . . . . 1 . 5 . 3 . 1 . 1 . . 2 Follow-up Attacks 196 | . . . . . . . . . 2 10 . 22 13 2 34 28 30 6 17 5 27 Damage Inflicted 30148 | . 141 126 1003 217 2079 708 . . 562 2102 . 3795 1147 403 3786 3109 2436 583 2625 1185 4141 Guns 1688 | . 141 126 491 176 651 103 . . . . . . . . . . . . . . . Cannons 554 | . . . 225 41 227 61 . . . . . . . . . . . . . . . Explosions 3152 | . . . 287 . 1201 291 . . 356 . . 479 . . 538 . . . . . . Melee 24754 | . . . . . . 253 . . 206 2102 . 3316 1147 403 3248 3109 2436 583 2625 1185 4141 Ramming . | . . . . . . . . . . . . . . . . . . . . . . Kinetic 437 | . 50 48 228 . 45 66 . . . . . . . . . . . . . . . Thermal 2167 | . 91 78 488 217 1195 98 . . . . . . . . . . . . . . . Explosive 2252 | . . . 287 . 839 291 . . 356 . . 479 . . . . . . . . . Electromagnetic 538 | . . . . . . . . . . . . . . . 538 . . . . . . Impact 3089 | . . . . . . 253 . . 30 597 . 484 152 64 485 285 670 69 . . . Slashing 21665 | . . . . . . . . . 176 1505 . 2832 995 339 2763 2824 1766 514 2625 1185 4141 Piercing . | . . . . . . . . . . . . . . . . . . . . . . Highest Corruption 16 | . . . . . . . . . . . . 2 2 2 16 1 2 2 8 . 13 Average Corruption 4 | . . . . . . . . . . . . 1 2 2 4 1 1 2 6 . 10 Corruption Purged . | . . . . . . . . . . . . . . . . . . . . . . Effects 77 | . . . . . . . . . . . . 5 3 1 10 3 2 1 16 . 36 Message Errors 13 | . . . . . . . . . . . . . 2 . 2 1 . . 2 . 6 Matter Fused 16 | . . . . . . . . . . . . . . . 2 . . . 5 . 9 Heat Flow Errors 8 | . . . . . . . . . . . . 1 . . . . 1 1 1 . 4 Energy Discharges 10 | . . . . . . . . . . . . 1 1 . 3 . . . 3 . 2 Parts Rejected 1 | . . . . . . . . . . . . . . . . . . . . . 1 Data Loss (minor) 5 | . . . . . . . . . . . . 1 . . 1 . 1 . 1 . 1 Data Loss (major) 2 | . . . . . . . . . . . . . . . . . . . 1 . 1 Alerts 1 | . . . . . . . . . . . . . . . . . . . . . 1 Misdirections 4 | . . . . . . . . . . . . . . . 1 . . . . . 3 Targeting Errors 17 | . . . . . . . . . . . . 2 . 1 1 2 . . 3 . 8 Overload Shots 9 | . . . . . 9 . . . . . . . . . . . . . . . . Effects 3 | . . . . . 3 . . . . . . . . . . . . . . . . Meltdown 3 | . . . . . 3 . . . . . . . . . . . . . . . . Overflow Damage 2807 | . . . 8 . 194 156 . . . 426 . 273 73 25 155 345 189 . 364 182 417 Projectiles 8 | . . . 8 . . . . . . . . . . . . . . . . . . Explosions 194 | . . . . . 194 . . . . . . . . . . . . . . . . Melee 2605 | . . . . . . 156 . . . 426 . 273 73 25 155 345 189 . 364 182 417 Knockbacks 9 | . . . . . . 1 . . . 3 . . . . 3 . 2 . . . . Impact 9 | . . . . . . 1 . . . 3 . . . . 3 . 2 . . . . Kinetic . | . . . . . . . . . . . . . . . . . . . . . . Secondary . | . . . . . . . . . . . . . . . . . . . . . . Self-Inflicted Damage 478 | . . . . . 199 61 . . . . . . . . 218 . . . . . . Shots 6 | . . . . . 3 1 . . . . . . . . 2 . . . . . . Rammed . | . . . . . . . . . . . . . . . . . . . . . . Targets Rammed . | . . . . . . . . . . . . . . . . . . . . . . Kicked . | . . . . . . . . . . . . . . . . . . . . . . Crushed . | . . . . . . . . . . . . . . . . . . . . . . Highest Temperature 270 | . 100 15 4 . 125 82 . . . 6 1 238 . . . . 115 259 169 12 270 Average Temperature 59 | . 42 9 1 . 54 29 . . . 3 1 121 . . . . 62 120 84 4 81 Received Heat Transfer 1410 | . 84 75 252 . 36 27 . . 15 99 . 282 36 45 165 42 45 9 144 9 45 Effects 4 | . . . . . . . . . . . . . . . . . . 1 . . 3 Interference 4 | . . . . . . . . . . . . . . . . . . 1 . . 3 Siege Activations . | . . . . . . . . . . . . . . . . . . . . . . Robots Corrupted . | . . . . . . . . . . . . . . . . . . . . . . Combat Hostiles . | . . . . . . . . . . . . . . . . . . . . . . Parts Fried 1 | . . . . . . . . . . . . 1 . . . . . . . . . Impact Corruptions 26 | . . . . . . 9 . . . 5 . 7 1 . . 3 1 . . . . Robots Melted 1 | . . . . . 1 . . . . . . . . . . . . . . . . Combat Hostiles 1 | . . . . . 1 . . . . . . . . . . . . . . . . Parts Melted 3 | . . . . . 3 . . . . . . . . . . . . . . . . Heat Transferred 3647 | . 200 175 1007 407 1673 185 . . . . . . . . . . . . . . . Parts Sabotaged . | . . . . . . . . . . . . . . . . . . . . . . Parts Stolen . | . . . . . . . . . . . . . . . . . . . . . . Parts Stripped . | . . . . . . . . . . . . . . . . . . . . . . Power Chain Reactions . | . . . . . . . . . . . . . . . . . . . . . . Missiles Intercepted . | . . . . . . . . . . . . . . . . . . . . . . Alert | -11 -10 -10 -9 -8 -7 -7 -7 -7 -6 -6 -5 -5 -5 -5 -5 -4 -4 -4 -3 -2 -1 ------- Run | Scr Mat Min Mat Mat Fac Low Low Dat Pro Fac Fac Ext Cet Arc Hub Fac Upp Upp Res Res Acc Peak Influence 1336 | . 85 53 437 261 637 . . . . 267 136 761 879 426 1161 1336 . . 853 646 1101 Initial 519 | . . 33 20 109 118 . . . . 70 130 66 356 346 149 519 . . 513 421 387 Average 558 | . 31 50 197 159 429 . . . . 156 132 440 734 388 715 904 . . 569 510 807 Maximum Alert Level 4 | . . . 2 1 2 . . . . 1 . 3 3 2 4 4 . . 3 2 4 Low Security (%) 20 | 100 100 100 56 56 5 . . . . 83 100 17 . . 23 . . . . . . Level 1 10 | . . . 38 43 29 . . . . 16 . 21 7 58 3 . . . . . 6 Level 2 39 | . . . 5 . 65 . . . . . . 59 21 41 8 35 . . 91 100 23 Level 3 23 | . . . . . . . . . . . . 1 71 . 54 30 . . 8 . 63 Level 4 6 | . . . . . . . . . . . . . . . 9 33 . . . . 6 Level 5 . | . . . . . . . . . . . . . . . . . . . . . . High Security . | . . . . . . . . . . . . . . . . . . . . . . Max Security . | . . . . . . . . . . . . . . . . . . . . . . Squads Dispatched 27 | . 1 . 2 . 1 . . . . 2 . 3 1 . 5 4 . . 5 . 3 Investigation 4 | . . . . . . . . . . 2 . . 1 . . 1 . . . . . Extermination 4 | . . . . . . . . . . . . . . . 1 1 . . 1 . 1 Reinforcement 14 | . 1 . 2 . 1 . . . . . . 3 . . 3 1 . . 3 . . Assault 4 | . . . . . . . . . . . . . . . . 1 . . 1 . 2 Garrison 1 | . . . . . . . . . . . . . . . 1 . . . . . . Intercept . | . . . . . . . . . . . . . . . . . . . . . . Construction Impeded 4 | . . . 1 . 1 . . . . . . 1 . . 1 . . . . . . Haulers Reinforced 2 | . . . . . . . . . . . . . . . . 1 . . 1 . . Stealth | -11 -10 -10 -9 -8 -7 -7 -7 -7 -6 -6 -5 -5 -5 -5 -5 -4 -4 -4 -3 -2 -1 --------- Run | Scr Mat Min Mat Mat Fac Low Low Dat Pro Fac Fac Ext Cet Arc Hub Fac Upp Upp Res Res Acc Distress Signals 6 | . 1 . 1 . . . . . . . . . 1 . 1 1 . . . 1 . Communications Jammed 18 | . . . . . . . . . . . . . . . . . . . 10 1 7 Distress Signals 18 | . . . . . . . . . . . . . . . . . . . 10 1 7 Times Spotted 256 | . 5 2 23 5 11 4 . . 4 5 . 24 17 3 36 25 17 3 24 12 36 Peak Tracking Total 10 | . 2 2 5 4 3 4 . . 1 2 . 8 10 3 5 5 9 2 6 7 5 Tactical Retreats 28 | . . . 3 . . . . . . . . 1 1 . 5 4 4 1 1 . 8 Traps | -11 -10 -10 -9 -8 -7 -7 -7 -7 -6 -6 -5 -5 -5 -5 -5 -4 -4 -4 -3 -2 -1 ------- Run | Scr Mat Min Mat Mat Fac Low Low Dat Pro Fac Fac Ext Cet Arc Hub Fac Upp Upp Res Res Acc Traps Triggered 7 | . . . . . 1 . . . . . . . . . 2 1 . . 2 . 1 Indirectly 2 | . . . . . . . . . . . . . . . 2 . . . . . . Trap Hack Attempts . | . . . . . . . . . . . . . . . . . . . . . . Triggered . | . . . . . . . . . . . . . . . . . . . . . . Disarmed . | . . . . . . . . . . . . . . . . . . . . . . Reprogrammed . | . . . . . . . . . . . . . . . . . . . . . . Reused . | . . . . . . . . . . . . . . . . . . . . . . Traps Extracted . | . . . . . . . . . . . . . . . . . . . . . . Installed . | . . . . . . . . . . . . . . . . . . . . . . Triggered 1 | . . . . . . 1 . . . . . . . . . . . . . . . Machines | -11 -10 -10 -9 -8 -7 -7 -7 -7 -6 -6 -5 -5 -5 -5 -5 -4 -4 -4 -3 -2 -1 ---------- Run | Scr Mat Min Mat Mat Fac Low Low Dat Pro Fac Fac Ext Cet Arc Hub Fac Upp Upp Res Res Acc Machines Disabled 30 | . . . . . 10 . . . . 1 . 1 5 1 11 . . . . . 1 Max in Single Turn 6 | . . . . . 6 . . . . . . 1 1 1 5 . . . . . 1 Garrison Access 5 | . . . . . . . . . . . . . . . 1 1 . . 1 1 1 Network Hub 2 | . . . . . . . . . . . . . . . 2 . . . . . . Machines Sabotaged . | . . . . . . . . . . . . . . . . . . . . . . Garrisons Compromised . | . . . . . . . . . . . . . . . . . . . . . . Overloaded Fab Kills . | . . . . . . . . . . . . . . . . . . . . . . Fab Network Shutdowns 1 | . . . . . . . . . . . . . . . . 1 . . . . . Hacking | -11 -10 -10 -9 -8 -7 -7 -7 -7 -6 -6 -5 -5 -5 -5 -5 -4 -4 -4 -3 -2 -1 --------- Run | Scr Mat Min Mat Mat Fac Low Low Dat Pro Fac Fac Ext Cet Arc Hub Fac Upp Upp Res Res Acc Machines Accessed 46 | . . . 3 1 2 2 1 4 . 2 1 2 3 . 3 10 . . 7 3 2 Terminals 17 | . . . 2 1 1 . . . . 1 1 2 3 . 2 1 . . 2 . 1 Fabricators 7 | . . . . . 1 . . . . . . . . . . 3 . . 2 1 . Repair Stations 4 | . . . . . . . . . . . . . . . . 3 . . 1 . . Recycling Units 1 | . . . . . . . . . . . . . . . . 1 . . . . . Scanalyzers 5 | . . . 1 . . . . . . 1 . . . . . 1 . . 1 1 . Garrison Access 5 | . . . . . . . . . . . . . . . 1 1 . . 1 1 1 Total Hacks 155 | . . . 8 5 3 8 1 28 . 5 1 4 16 . 6 32 . . 23 7 8 Successful 95 | . . . 5 2 2 8 1 28 . . 1 1 9 . 1 18 . . 13 5 1 Failed 58 | . . . 3 3 1 . . . . 5 . 3 5 . 5 14 . . 10 2 7 Catastrophic 6 | . . . . . 1 . . . . 1 . 1 . . . 3 . . . . . Database Lockouts 2 | . . . . . . . . . . . . . 2 . . . . . . . . Manual 19 | . . . 4 3 1 . . . . 4 . 1 1 2 . 1 . . 2 . . Terminals 49 | . . . 5 5 1 . . . . 4 1 4 16 . 5 1 . . 4 . 3 Fabricators 28 | . . . . . 2 . . . . . . . . . . 17 . . 6 3 . Repair Stations 16 | . . . . . . . . . . . . . . . . 10 . . 6 . . Recycling Units 1 | . . . . . . . . . . . . . . . . 1 . . . . . Scanalyzers 13 | . . . 3 . . . . . . 1 . . . . . 2 . . 4 3 . Garrison Access 11 | . . . . . . . . . . . . . . . 1 1 . . 3 1 5 Terminal Hacks 53 | . . . 1 2 . 8 1 28 . . 1 1 9 . . 1 . . 1 . . Record 24 | . . . . . . 7 . 9 . . . . 8 . . . . . . . . Part Schematic 9 | . . . . . . . . 9 . . . . . . . . . . . . . Robot Schematic 8 | . . . . . . . . 7 . . . . . . . . . . 1 . . Prototype ID Bank 5 | . . . . 1 . . . 3 . . . 1 . . . . . . . . . Open Door 4 | . . . . . . 1 1 . . . 1 . 1 . . . . . . . . Level Access Points 2 | . . . 1 1 . . . . . . . . . . . . . . . . . Repair Station Index 1 | . . . . . . . . . . . . . . . . 1 . . . . . Fabricator Hacks 17 | . . . . . 2 . . . . . . . . . . 9 . . 4 2 . Load Schematic 7 | . . . . . 1 . . . . . . . . . . 3 . . 2 1 . Build 10 | . . . . . 1 . . . . . . . . . . 6 . . 2 1 . Repair Station Hacks 8 | . . . . . . . . . . . . . . . . 4 . . 4 . . Scan Component 5 | . . . . . . . . . . . . . . . . 3 . . 2 . . Repair 3 | . . . . . . . . . . . . . . . . 1 . . 2 . . Recycling Unit Hacks 1 | . . . . . . . . . . . . . . . . 1 . . . . . Process 1 | . . . . . . . . . . . . . . . . 1 . . . . . Scanalyzer 8 | . . . 2 . . . . . . . . . . . . 2 . . 2 2 . Insert Component 4 | . . . 1 . . . . . . . . . . . . 1 . . 1 1 . Analyze 4 | . . . 1 . . . . . . . . . . . . 1 . . 1 1 . Garrison Access Hacks 5 | . . . . . . . . . . . . . . . 1 1 . . 1 1 1 Seal Access 5 | . . . . . . . . . . . . . . . 1 1 . . 1 1 1 Unauthorized Hacks 3 | . . . 2 . . . . . . . . . . . . . . . 1 . . Terminals 3 | . . . 2 . . . . . . . . . . . . . . . 1 . . Assimilate 1 | . . . . . . . . . . . . . . . . . . . 1 . . Botnet 2 | . . . 2 . . . . . . . . . . . . . . . . . . Fabricators . | . . . . . . . . . . . . . . . . . . . . . . Repair Stations . | . . . . . . . . . . . . . . . . . . . . . . Recycling Units . | . . . . . . . . . . . . . . . . . . . . . . Scanalyzers . | . . . . . . . . . . . . . . . . . . . . . . Garrison Access . | . . . . . . . . . . . . . . . . . . . . . . Data Cores Recovered 1 | . . . . . . . . . . . . . . . 1 . . . . . . Used . | . . . . . . . . . . . . . . . . . . . . . . Hacking Detections 28 | . . . 3 1 1 . . . . 2 . 2 2 . 2 7 . . 4 2 2 Full Trace Events 3 | . . . . . . . . . . 1 . . 1 . . 1 . . . . . Feedback Events . | . . . . . . . . . . . . . . . . . . . . . . Feedback Blocked . | . . . . . . . . . . . . . . . . . . . . . . Robot Schematics Acquired 8 | . . . . . . . . 7 . . . . . . . . . . 1 . . Robots Built 2 | . . . . . . . . . . . . . . . . . . . 2 . . Matter 384 | . . . . . . . . . . . . . . . . . . . 384 . . Time 68 | . . . . . . . . . . . . . . . . . . . 68 . . Total Robot Build Rating 16 | . . . . . . . . . . . . . . . . . . . 16 . . Part Schematics Acquired 13 | . . . 1 . . . . 9 . . . . . . . 1 . . 1 1 . Parts Built 5 | . . . . . 1 . . . . . . . . . . 1 . . 1 2 . Matter 1188 | . . . . . 285 . . . . . . . . . . 384 . . 285 234 . Time 354 | . . . . . 152 . . . . . . . . . . 68 . . 76 58 . Total Part Build Rating 32 | . . . . . 5 . . . . . . . . . . 8 . . 5 14 . Parts Repaired 3 | . . . . . . . . . . . . . . . . 1 . . 2 . . Time 140 | . . . . . . . . . . . . . . . . 78 . . 62 . . Parts Recycled . | . . . . . . . . . . . . . . . . . . . . . . Recycled Matter 58 | . . . . . . . . . . . . . . . . 58 . . . . . Retrieved Matter . | . . . . . . . . . . . . . . . . . . . . . . Retrieved Components . | . . . . . . . . . . . . . . . . . . . . . . Parts Scanalyzed 4 | . . . 1 . . . . . . . . . . . . 1 . . 1 1 . Part Schematics Acquired 4 | . . . 1 . . . . . . . . . . . . 1 . . 1 1 . Parts Damaged 1 | . . . . . . . . . . . . . . . . 1 . . . . . Bothacking | -11 -10 -10 -9 -8 -7 -7 -7 -7 -6 -6 -5 -5 -5 -5 -5 -4 -4 -4 -3 -2 -1 ------------ Run | Scr Mat Min Mat Mat Fac Low Low Dat Pro Fac Fac Ext Cet Arc Hub Fac Upp Upp Res Res Acc Used RIF Installer . | . . . . . . . . . . . . . . . . . . . . . . Robots Hacked . | . . . . . . . . . . . . . . . . . . . . . . Non-combat . | . . . . . . . . . . . . . . . . . . . . . . Combat . | . . . . . . . . . . . . . . . . . . . . . . Robot Hacks Applied . | . . . . . . . . . . . . . . . . . . . . . . Relay Couplers Released . | . . . . . . . . . . . . . . . . . . . . . . Robots Rewired 14 | . . . . . . . . . . 1 . 13 . . . . . . . . . Allies Hacked . | . . . . . . . . . . . . . . . . . . . . . . Hacks Repelled . | . . . . . . . . . . . . . . . . . . . . . . Allies | -11 -10 -10 -9 -8 -7 -7 -7 -7 -6 -6 -5 -5 -5 -5 -5 -4 -4 -4 -3 -2 -1 -------- Run | Scr Mat Min Mat Mat Fac Low Low Dat Pro Fac Fac Ext Cet Arc Hub Fac Upp Upp Res Res Acc Total Allies 27 | . . 2 . . . . . . 1 1 . 17 . . 3 . . . 3 . . Largest Group 9 | . . 2 2 . . . . . 1 2 . 9 9 . 3 . . . 2 . . Highest-Rated Group 273 | . . 51 51 . . . . . 94 126 . 273 273 . 93 . . . 128 . . Highest-Rated Ally 94 | . . 31 31 . . . . . 94 94 . 37 37 . 31 . . . 64 . . Total Orders . | . . . . . . . . . . . . . . . . . . . . . . Ally Attacks 154 | . . . 25 . . . . . 2 8 . 35 59 . 13 . . . 12 . . Total Damage 3004 | . . . 288 . . . . . 88 223 . 678 968 . 171 . . . 588 . . Kills 28 | . . . 3 . . . . . 1 1 . 5 12 . 1 . . . 5 . . Allies Corrupted 1 | . . . . . . . . . . 1 . . . . . . . . . . . Allies Melted 1 | . . . . . . . . . . 1 . . . . . . . . . . . Intel | -11 -10 -10 -9 -8 -7 -7 -7 -7 -6 -6 -5 -5 -5 -5 -5 -4 -4 -4 -3 -2 -1 ------- Run | Scr Mat Min Mat Mat Fac Low Low Dat Pro Fac Fac Ext Cet Arc Hub Fac Upp Upp Res Res Acc Robot Analysis Total . | . . . . . . . . . . . . . . . . . . . . . . Derelict Logs Recovered 6 | . . 1 . . . 1 2 . . . . . . . . . 1 1 . . . Drone Launches . | . . . . . . . . . . . . . . . . . . . . . . Drone Recoveries . | . . . . . . . . . . . . . . . . . . . . . . Exploration | -11 -10 -10 -9 -8 -7 -7 -7 -7 -6 -6 -5 -5 -5 -5 -5 -4 -4 -4 -3 -2 -1 ------------- Run | Scr Mat Min Mat Mat Fac Low Low Dat Pro Fac Fac Ext Cet Arc Hub Fac Upp Upp Res Res Acc Turns Passed 7284 | 39 128 134 437 186 280 295 140 28 161 239 57 606 256 39 493 834 735 174 827 318 878 Spaces Moved 9542 | 40 117 108 412 151 432 753 489 102 357 430 100 665 352 66 552 905 1060 446 625 398 982 Core 61 | 12 . . . . . . . . . . . 49 . . . . . . . . . Treads . | . . . . . . . . . . . . . . . . . . . . . . Legs . | . . . . . . . . . . . . . . . . . . . . . . Wheels 493 | 28 117 108 240 . . . . . . . . . . . . . . . . . . Hover . | . . . . . . . . . . . . . . . . . . . . . . Flight 8988 | . . . 172 151 432 753 489 102 357 430 100 616 352 66 552 905 1060 446 625 398 982 Fastest Speed 20 | 50 80 80 29 26 26 26 26 27 27 20 20 27 34 34 34 30 30 30 30 26 26 Average Speed 34 | 71 80 80 58 28 26 26 26 27 27 26 34 43 34 34 34 41 30 30 31 27 29 Slowest Speed 250 | 80 80 80 80 29 29 26 93 27 27 27 90 250 34 34 34 117 30 30 34 34 34 Overloaded Moves 629 | . . . . . . . . . . 31 5 . . . . . . . . 321 272 Propulsion Burnouts . | . . . . . . . . . . . . . . . . . . . . . . Robots Hopped 3 | . . . 2 . 1 . . . . . . . . . . . . . . . . Cave-ins Triggered . | . . . . . . . . . . . . . . . . . . . . . . Exploration Rate (%) 43 | 3 29 31 33 15 15 86 71 72 61 15 4 81 84 76 59 27 86 61 20 11 23 Regions Visited 21 Branch Regions 11 Pre-discovered Areas 2 | . . 1 . . . . . 1 . . . . . . . . . . . . . Known Exits Taken 18 | . . . 1 1 1 1 1 1 1 1 1 1 1 1 1 1 1 1 1 1 . Unknown Exits Taken 3 | 1 1 1 . . . . . . . . . . . . . . . . . . . Scrap Searched 22 | . . 1 . . . 8 6 . 1 . . . . . . . 1 5 . . . Spaces Dug 74 | . . . . . . . . . . . 3 2 . . 6 14 . . 16 13 20 Terrain Destroyed 642 | . . . 31 . 95 62 . . 20 . 3 67 . . 301 14 . . 16 13 20 Melee 74 | . . . . . . . . . . . 3 2 . . 6 14 . . 16 13 20 Projectile 2 | . . . . . 1 1 . . . . . . . . . . . . . . . AOE 566 | . . . 31 . 94 61 . . 20 . . 65 . . 295 . . . . . . Terrain Rammed . | . . . . . . . . . . . . . . . . . . . . . . Walls Destroyed . | . . . . . . . . . . . . . . . . . . . . . . Machines Disabled . | . . . . . . . . . . . . . . . . . . . . . . Actions | -11 -10 -10 -9 -8 -7 -7 -7 -7 -6 -6 -5 -5 -5 -5 -5 -4 -4 -4 -3 -2 -1 --------- Run | Scr Mat Min Mat Mat Fac Low Low Dat Pro Fac Fac Ext Cet Arc Hub Fac Upp Upp Res Res Acc Total 12666 | 49 133 142 512 276 550 831 496 101 412 523 114 911 446 71 780 1276 1420 473 1172 558 1420 Wait 1954 | . 1 23 8 103 65 47 . . 48 47 4 21 32 . 141 284 297 16 445 98 274 Move 9515 | 39 116 107 407 150 429 752 488 101 356 429 99 664 351 65 551 904 1059 445 624 397 982 Hop 3 | . . . 2 . 1 . . . . . . . . . . . . . . . . Pick Up 75 | 5 2 . 6 4 2 3 1 . . 3 1 3 3 . 3 6 . 2 14 7 10 Fast Attach 48 | 2 1 2 3 2 5 3 2 . . 1 1 7 1 . 5 3 . . 6 1 3 Attach 35 | 3 . . 4 3 2 . . . . 2 1 . 1 . 1 1 1 2 7 5 2 Detach 5 | . . . 1 . 1 . . . . 1 . . . . . 1 . . . 1 . Swap 50 | . . 1 7 2 5 1 2 . . 1 . 4 . . 1 5 1 . 5 3 12 Drop 99 | . 2 2 10 4 6 5 3 . . 2 2 13 3 . 9 8 . 1 10 7 12 Fire 113 | . 10 7 51 7 22 7 . . 3 . . 4 . . . . . . . . 2 Melee 412 | . . . . . . 3 . . 5 28 6 44 25 6 43 49 31 7 47 29 89 Ram . | . . . . . . . . . . . . . . . . . . . . . . Kick . | . . . . . . . . . . . . . . . . . . . . . . Crush . | . . . . . . . . . . . . . . . . . . . . . . Escape Stasis . | . . . . . . . . . . . . . . . . . . . . . . Rewire 64 | . . . . . . . . . . 1 . 63 . . . . . . . . . Trap . | . . . . . . . . . . . . . . . . . . . . . . Miscellaneous 293 | . 1 . 13 1 12 10 . . . 8 . 88 30 . 26 15 31 . 14 10 34 Route ------- -11/Scrapyard -10/Materials -10/Mines -9/Materials (discovered 3 exits: *Mat x3) -8/Materials (discovered 3 exits: *Fac x3) -7/Factory -7/Lower Caves -7/Lower Caves -7/Data Miner -6/Proximity Caves -6/Factory -5/Factory -5/Extension (discovered 2 exits: *Fac / *Cet) -5/Cetus -5/Archives -5/Hub_04(d) -4/Factory -4/Upper Caves -4/Upper Caves -3/Research (discovered 2 exits: *Res / Arm) -2/Research -1/Access History --------- Turn | Location | Event 1 | -11/Scrapyard | Upgraded with Propulsion slot (x1) 1 | -11/Scrapyard | Upgraded with Utility slot (x1) 1 | -11/Scrapyard | Upgraded with Weapon slot (x1) 5 | -11/Scrapyard | Discovered new exit (range 15) 40 | -11/Scrapyard | Entered Materials 149 | -10/Materials | Discovered new exit (range 7) 168 | -10/Materials | Entered Mines 233 | -10/Mines | Learned location of Zion (-6) 245 | -10/Mines | Found a damaged Exp. Sensor Array with a note attached 259 | -10/Mines | Found Prototype Device 259 | -10/Mines | Identified Exp. Sensor Array 285 | -10/Mines | Discovered new exit (range 6) 302 | -10/Mines | Entered Materials 302 | -9/Materials | Accompanied by 2 allies 304 | -9/Materials | Build established: Mutant 304 | -9/Materials | Reached level 2 307 | -9/Materials | Led the pair of lost Derelicts to an unsafe place 350 | -9/Materials | Upgraded with Propulsion slot (x1) 409 | -9/Materials | Reached level 3 714 | -9/Materials | Reached level 4 723 | -9/Materials | Identified exit to Materials 739 | -9/Materials | Entered another Materials area 741 | -8/Materials | Reached level 5 746 | -8/Materials | Upgraded with Propulsion slot (x1) 746 | -8/Materials | Upgraded with Utility slot (x1) 746 | -8/Materials | Upgraded with Weapon slot (x1) 910 | -8/Materials | Identified exit to Factory 925 | -8/Materials | Entered Factory 927 | -7/Factory | Reached level 6 928 | -7/Factory | Build established: Sprinter 952 | -7/Factory | Upgraded with Weapon slot (x1) 970 | -7/Factory | Reached level 7 1132 | -7/Factory | Fabricated Exp. Sensor Array (x1) 1197 | -7/Factory | Discovered new exit (range 15) 1201 | -7/Factory | Identified exit to Lower Caves 1205 | -7/Factory | Entered Lower Caves 1207 | -7/Lower Caves | Reached level 8 1254 | -7/Lower Caves | Upgraded with Utility slot (x1) 1324 | -7/Lower Caves | Encountered a Warlord checkpoint 1361 | -7/Lower Caves | Learned location of 1 exit from Research 1361 | -7/Lower Caves | Learned Extension trap positions 1361 | -7/Lower Caves | Learned Armory trap positions 1361 | -7/Lower Caves | Learned Armory emergency access door positions 1361 | -7/Lower Caves | Learned Extension security intel 1361 | -7/Lower Caves | Learned Extension terminal intel 1437 | -7/Lower Caves | Discovered new exit (range 9) 1439 | -7/Lower Caves | Learned location of 1 exit from Proximity Caves 1441 | -7/Lower Caves | Identified exit to Lower Caves 1500 | -7/Lower Caves | Entered another Lower Caves area 1519 | -7/Lower Caves | Encountered a Warlord checkpoint 1547 | -7/Lower Caves | Spotted B-75 Beast 1611 | -7/Lower Caves | Identified exit to Data Miner 1640 | -7/Lower Caves | Entered Data Miner 1640 | -7/Data Miner | Discovered new exit (range 6) 1642 | -7/Data Miner | Identified exit to Proximity Caves 1646 | -7/Data Miner | Met Data Miner 1646 | -7/Data Miner | Reached level 9 1655 | -7/Data Miner | Learned location of Section 7 (-3) 1655 | -7/Data Miner | Acquired the access code to Warlord's prototype stash 1659 | -7/Data Miner | Received God Mode back door access code from Data Miner 1668 | -7/Data Miner | Entered Proximity Caves 1669 | -6/Proximity Caves | Identified exit to Factory 1743 | -6/Proximity Caves | Escorted by Enhanced Grunt 1778 | -6/Proximity Caves | Attracted the attention of an 0b10 checkpoint 1794 | -6/Proximity Caves | Reached level 10 1798 | -6/Proximity Caves | Upgraded with Propulsion slot (x1) 1829 | -6/Proximity Caves | Entered Factory 1829 | -6/Factory | Accompanied by 1 ally 1831 | -6/Factory | Reached level 11 1871 | -6/Factory | Upgraded with Power slot (x1) 1917 | -6/Factory | Build established: Derelict-Sprinter 2017 | -6/Factory | Discovered new exit (range 9) 2019 | -6/Factory | Identified exit to Factory 2040 | -6/Factory | Core integrity fell below 50% 2068 | -6/Factory | Entered another Factory area 2069 | -5/Factory | Identified exit to Extension 2070 | -5/Factory | Reached level 12 2085 | -5/Factory | Upgraded with Utility slot (x1) 2125 | -5/Factory | Entered Extension 2126 | -5/Extension | Loaded intel: 27 trap records 2127 | -5/Extension | Reached level 13 2128 | -5/Extension | Loaded intel: 12 terminal locations 2266 | -5/Extension | Reached level 14 2330 | -5/Extension | Spotted B-75 Beast 2331 | -5/Extension | Spotted B-75 Beast 2393 | -5/Extension | Rescued a captive Derelict 2453 | -5/Extension | Reached level 15 2471 | -5/Extension | Upgraded with Weapon slot (x1) 2547 | -5/Extension | Rescued a captive Derelict 2559 | -5/Extension | Rescued a captive Derelict 2560 | -5/Extension | Rescued a captive Derelict 2699 | -5/Extension | Discovered new exit (range 10) 2702 | -5/Extension | Discovered new exit (range 6) 2712 | -5/Extension | Identified exit to Cetus 2713 | -5/Extension | Identified exit to Factory 2731 | -5/Extension | Entered Cetus 2731 | -5/Cetus | Accompanied by 9 allies 2733 | -5/Cetus | Reached level 16 2738 | -5/Cetus | Spotted Cetus Guard 2738 | -5/Cetus | Spotted Cetus Guard 2738 | -5/Cetus | Spotted Cetus Guard 2738 | -5/Cetus | Spotted Cetus Guard 2740 | -5/Cetus | Upgraded with Utility slot (x1) 2761 | -5/Cetus | Destroyed Cetus Guard 2761 | -5/Cetus | Allies destroyed Cetus Guard 2784 | -5/Cetus | Reached level 17 2800 | -5/Cetus | Cetus Manufacturing Module disabled 2806 | -5/Cetus | Reached level 18 2859 | -5/Cetus | Central database locked down 2859 | -5/Cetus | Central database locked down 2880 | -5/Cetus | Incoming investigation squad redirected 2929 | -5/Cetus | Discovered new exit (range 17) 2935 | -5/Cetus | Identified exit to Archives 2987 | -5/Cetus | Entered Archives 3000 | -5/Archives | Unable to access archive contents 3006 | -5/Archives | Reached level 19 3011 | -5/Archives | Unable to access archive contents 3015 | -5/Archives | Discovered new exit (range 13) 3026 | -5/Archives | Identified exit to Hub_04(d) 3026 | -5/Archives | Entered Hub_04(d) 3098 | -5/Hub_04(d) | Build established: Derelict-Mutant 3162 | -5/Hub_04(d) | Network Hub disabled 3162 | -5/Hub_04(d) | Reached level 20 3197 | -5/Hub_04(d) | Disrupted transfer network 3203 | -5/Hub_04(d) | Network Hub disabled 3216 | -5/Hub_04(d) | Upgraded with Utility slot (x1) 3331 | -5/Hub_04(d) | Reached level 21 3390 | -5/Hub_04(d) | Spotted Lightning 3390 | -5/Hub_04(d) | Spotted Lightning 3392 | -5/Hub_04(d) | Spotted Lightning 3395 | -5/Hub_04(d) | Garrison activated, responded to threat 3407 | -5/Hub_04(d) | System corruption reached 10% 3414 | -5/Hub_04(d) | Core integrity fell below 50% 3415 | -5/Hub_04(d) | Discovered exit to Factory (range 13) 3416 | -5/Hub_04(d) | Destroyed Lightning 3460 | -5/Hub_04(d) | Destroyed Lightning 3471 | -5/Hub_04(d) | Destroyed Lightning 3477 | -5/Hub_04(d) | Found Prototype Device 3477 | -5/Hub_04(d) | Identified Exp. Phase Shifter 3519 | -5/Hub_04(d) | Entered Factory 3521 | -4/Factory | Reached level 22 3757 | -4/Factory | Core integrity fell below 50% 3788 | -4/Factory | Reached level 23 3816 | -4/Factory | Local fabrication network quarantined 3856 | -4/Factory | Fabricated Exp. Transmission Jammer (x1) 3945 | -4/Factory | Repaired Broken Nuclear Pulse Array 4091 | -4/Factory | Spotted B-86 Titan 4269 | -4/Factory | First assault squad dispatched 4339 | -4/Factory | Discovered new exit (range 9) 4340 | -4/Factory | Identified exit to Upper Caves 4353 | -4/Factory | Entered Upper Caves 4355 | -4/Upper Caves | Reached level 24 4360 | -4/Upper Caves | Upgraded with Propulsion slot (x1) 4566 | -4/Upper Caves | Attracted the attention of an 0b10 outpost 4631 | -4/Upper Caves | Build established: Hacker-Sprinter 4824 | -4/Upper Caves | Attracted the attention of an 0b10 checkpoint 5012 | -4/Upper Caves | Learned Research interactive machine intel 5087 | -4/Upper Caves | Discovered new exit (range 7) 5088 | -4/Upper Caves | Identified exit to Upper Caves 5088 | -4/Upper Caves | Entered another Upper Caves area 5226 | -4/Upper Caves | Spotted B-86 Titan 5242 | -4/Upper Caves | Identified exit to Research 5262 | -4/Upper Caves | Entered Research 5263 | -3/Research | Identified exit to Armory 5263 | -3/Research | Core integrity fell below 50% 5264 | -3/Research | Loaded intel: 38 interactive machine locations 5264 | -3/Research | Reached level 25 5264 | -3/Research | Reached level 26 5366 | -3/Research | Fabricated Exp. Sensor Array (x1) 5604 | -3/Research | Repaired Broken Field Propulsion Array 5627 | -3/Research | Repaired Imp. ECM Suite 5805 | -3/Research | First assault squad dispatched 5893 | -3/Research | P-80 Master assimilated allied Director 8a 5925 | -3/Research | Build established: Hacker-Mutant 6024 | -3/Research | Fabricated Y-72 Warden (x2) 6024 | -3/Research | Reached level 27 6043 | -3/Research | Found Prototype Processor 6044 | -3/Research | Identified Exp. Targeting Computer 6046 | -3/Research | Found Exp. Targeting Computer 6075 | -3/Research | Found Prototype Hackware 6076 | -3/Research | Identified Exp. System Shield 6081 | -3/Research | Discovered new exit (range 14) 6085 | -3/Research | Identified exit to Research 6086 | -3/Research | Core integrity fell below 20% 6089 | -3/Research | Entered another Research area 6090 | -2/Research | Core integrity fell below 50% 6090 | -2/Research | Core integrity fell below 20% 6091 | -2/Research | Reached level 28 6163 | -2/Research | Fabricated Field Propulsion Array (x2) 6184 | -2/Research | Upgraded with Propulsion slot (x1) 6206 | -2/Research | Spotted B-90 Cyclops 6282 | -2/Research | Reached level 29 6401 | -2/Research | Discovered new exit (range 14) 6407 | -2/Research | Identified exit to Access 6407 | -2/Research | Entered Access 6408 | -1/Access | Core integrity fell below 50% 6408 | -1/Access | Core integrity fell below 20% 6409 | -1/Access | Reached level 30 6609 | -1/Access | Reached level 31 6657 | -1/Access | First assault squad dispatched 6674 | -1/Access | Incoming assault squad redirected 6736 | -1/Access | Spotted B-99 Colossus 6797 | -1/Access | System corruption reached 10% 6852 | -1/Access | Reached level 32 6895 | -1/Access | Build established: Hacker-Sprinter 6930 | -1/Access | Incoming assault squad redirected 7285 | -1/Access | Destroyed by Y-72 Warden with Railgun Last Messages --------------- 07146_ Acquired 49 matter. 07149_ S-43 Plague suffers critical hit. 07149_ Destroyed Xenon Bombardment Thruster. 07151_ S-43 Plague destroyed. 07154_ CJHVNT:WSDEM&9LEJKP&AWGW3D0HHHP>BP 07158_ U-05 Engineer builds a Wall. 07186_ System corrupted: Substantial component data lost. 07198_ Used Protomatter to restore core integrity (+57, depleted) 07202_ Acquired 8 matter. 07205_ Acquired Lgt. Antimatter Reactor. 07207_ Dropped Lgt. Quantum Reactor. 07215_ System corrupted: Matter fused (-10). 07251_ Acquired 20 matter. 07267_ 3UHEYJ7K B:LPDK8PMVG12B 07276_ Penetrated by Slug. 07279_ Slug penetrates Wall. 07282_ Penetrated by Slug. 07282_ Slug penetrates Wall. 07283_ System corrupted: Adv. ECM Suite rejected. 07283_ Ripper follow-up attack on Y-72 Warden. Map ----- +----------------------------------------------------+ | # # #??????????????????????????????????? | | ## ##?????????????????????????????????? | | ?# ! #?????????????????????????????????? | | ?# #?????????????????????????????????? | | ?# #?????????????????????????????????? | | ?+ | #?????????????????????????????????? | | ?# # #?????????????????????????????????? | | ?# ##?????????????????????????????????? | | ?# # ] #??????????????????????????????????? | | ?# # #??????????????????????????????????? | | ?# ##########??????????????????????????????????? | | ## #???????????????????????????????????????????? | | #???????????????????????????????????????????? | | #???????????????????????????????????????????? | | #?????????????????#####?????????????????????? | | #?????????????????# ?????????????????????? | | ######?????????????????#^ ????????????????????? | | ###############+#??????# ?????????????????????? | | ?????# #?????????????????? | | ?????# """ #?????????????????? | | w ?????+ """ #?????????????????? | | " ???????# " #?????????????????? | | """" ???????# "F" #?????????????????? | | """"" #??????# """ #?????????????????? | | ## """"" #??????# #?????????????????? | | ## """" #??????# @ | +?????????????????? | | ## " ########;Y######?????????????????? | | ## ## ###??????????????????????? | | ## ## #????????????????????????? | | ## + #????????????????????????? | | ## #????????????????????????? | | """ """ ## #????????????????????????? | | """"""" ## ##########???????????????? | | """"""" ## # #???????????????? | | """"" ## # ! #???????????????? | | ### """"""" ## # #???????????????? | | # """"""" #######+# " #???????????????? | | # """ """ + """ #???????????????? | | # # """ #???????????????? | | # # " #???????????????? | | # # #???????????????? | | # ####### #???????????????? | | ### " " #?????##########???????????????? | | "Y" #??????????????????????????????? | | """ #??????????????????????????????? | | ###################??????????????????????????????? | | ?????????????????????????????????????????????????? | | ?????????????????????????????????????????????????? | | | | | +----------------------------------------------------+ Best States ------------- Heat Dissipation 65 Energy Generation 60 Energy Capacity 490 Matter Stores 300 Matter Capacity 300 Sight Range 17 Robot Scan Range 38 Terrain Scan Density 10 ECM Strength 3 Jamming Range 22 Armor Coverage 225 Resistance: KI 20 Resistance: TH 20 Resistance: EX 20 Weapon Shielding 66 Point Defense Rating 160 Reclamation Efficiency 25 Melee Speed Boost 20 Phase Shifting 20 Evasion (%) 94 Targeting Accuracy 8 Target Analysis 8 Core Analysis 10 Offensive Hacking 25 Defensive Hacking 21 Item Schematics ----------------- Exp. Sensor Array | -9/Materials | Scanalyzed Combat Drone Bay | -7/Data Miner | Free Lgt. Regenerative Plating | -7/Data Miner | Free Exp. Cesium-ion Thruster | -7/Data Miner | Free Triangulator | -7/Data Miner | Free Exp. Terrain Scan Processor | -7/Data Miner | Free Tactical Coordination Suite | -7/Data Miner | Free Exp. Transmission Jammer | -7/Data Miner | Free Mni. Smartbomb Launcher | -7/Data Miner | Free Kinetic Spear | -7/Data Miner | Free Field Propulsion Array | -4/Factory | Scanalyzed Exp. Phase Shifter | -3/Research | Scanalyzed Cld. Field Propulsion Drive | -2/Research | Scanalyzed Robot Schematics ------------------ S-27 Virus | -7/Data Miner | Free G-50 Soldier | -7/Data Miner | Free G-67 Veteran | -7/Data Miner | Free H-66 Slayer | -7/Data Miner | Free P-70 Sage | -7/Data Miner | Free I-36 Angel | -7/Data Miner | Free I-47 Archangel | -7/Data Miner | Free Y-72 Warden | -3/Research | Hacked Fabricated ------------ Exp. Sensor Array | x1 | -7/Factory Exp. Transmission Jammer | x1 | -4/Factory Exp. Sensor Array | x1 | -3/Research Y-72 Warden | x2 | -3/Research Field Propulsion Array | x2 | -2/Research Alien Tech Used ----------------- None Achievements -------------- None Challenges ------------ None RPGLIKE | -11 -10 -10 -9 -8 -7 -7 -7 -7 -6 -6 -5 -5 -5 -5 -5 -4 -4 -4 -3 -2 -1 --------- Run | Scr Mat Min Mat Mat Fac Low Low Dat Pro Fac Fac Ext Cet Arc Hub Fac Upp Upp Res Res Acc Levels Raised 31 | . . . 3 1 2 1 . 1 1 1 1 3 3 1 2 2 1 . 3 2 3 XP Earned 50165 | 3000 350 600 3594 2030 3457 866 500 650 1580 2510 1500 4820 3875 675 3617 3790 1106 418 3488 2618 5121 XP Spent 49145 | 2955 . . 2930 3095 3000 1375 . . 3100 1500 1500 4320 4670 . 4500 2730 1825 . 2750 4675 4220 Upgrades 107 | 11 . . 16 6 5 4 . . 5 4 2 9 8 . 9 6 2 . 3 8 9 Power Slot 1 | . . . . . . . . . . 1 . . . . . . . . . . . Propulsion Slot 6 | 1 . . 1 1 . . . . 1 . . . . . . . 1 . . 1 . Utility Slot 6 | 1 . . . 1 . 1 . . . . 1 . 1 . 1 . . . . . . Weapon Slot 4 | 1 . . . 1 1 . . . . . . 1 . . . . . . . . . Core Integrity 41 | 3 . . 8 1 . . . . . 2 . 4 2 . 6 2 . . . 5 8 Heat Dissipation 4 | . . . 3 1 . . . . . . . . . . . . . . . . . Energy Generation 3 | . . . 1 . 1 . . . . . . . . . 1 . . . . . . Energy Storage 1 | . . . . . . . . . 1 . . . . . . . . . . . . Mass Support 1 | . . . 1 . . . . . . . . . . . . . . . . . . Inventory Capacity 4 | 2 . . . . 1 . . . . . . . . . . . . . 1 . . Sight Range 1 | 1 . . . . . . . . . . . . . . . . . . . . . Sensor Range 4 | . . . . . . 2 . . . . 1 . . . . . 1 . . . . Ranged Accuracy 1 | . . . . . 1 . . . . . . . . . . . . . . . . Melee Accuracy 10 | 2 . . . . . . . . 3 1 . 2 1 . . . . . . . 1 Hack Attack % 5 | . . . . . 1 . . . . . . . 2 . . 1 . . 1 . . Hack Defense % 1 | . . . . . . . . . . . . . . . 1 . . . . . . KI Resistance % 4 | . . . . 1 . . . . . . . . 1 . . 1 . . . 1 . TH Resistance % 4 | . . . . . . 1 . . . . . 1 . . . 1 . . 1 . . EX Resistance % 4 | . . . . . . . . . . . . 1 1 . . 1 . . . 1 . EX Damage % 2 | . . . 2 . . . . . . . . . . . . . . . . . . Protomatter Created 2050 | . 32 47 73 7 97 93 . . . 60 . 533 68 . 83 134 233 . 259 73 258 Integrity Restored 6448 | . 24 . 291 21 270 222 . . . 180 . 1940 623 . 579 324 699 . 330 219 726 Core 5830 | . 24 . 291 21 270 222 . . . 180 . 1676 269 . 579 324 699 . 330 219 726 Parts 618 | . . . . . . . . . . . . 264 354 . . . . . . . . Protomatter Decayed 946 | . . 47 . . . 58 . . . 75 . 123 120 . 67 26 195 . 219 . 16 Game ------ Seed ShieldWardroneShockpuncher Manual? 0 Play Time 01:58:27 Cumulative 86.9 hours Start 2020.11.09 @ 20:57:54 End 2020.11.09 @ 22:56:07 Sessions 1 Manual Loads 0 Difficulty Rogue Special Mode Winter2019/RPGLIKE Game No. 122 Rogue 122 Adventurer 0 Explorer 0 Win Type - Total 1 Types 1/0/0/0/0/0/0/0/0 Lore% 40 Gallery% 53 Achievement% 42 Wizard Run 0 Options --------- ASCII 0 Keyboard 0 Movement Mouse Keybinds 0 Fullscreen 2 Font 18/X11 Map View 76x50 Tactical HUD 1 Map Filters NONE Filters NONE Steam 1 RUN: 56833758-ad84-4b29-803f-27e759691fc2